 Dungeon Crawl Stone Soup version 0.29-a0-1033-gb6c65ffae6 (webtiles) character file.

Game seed: 7254854811857065025

53 drpainis the Sneak (level 3, 16/16 HPs)
             Began as a Spriggan Enchanter on Aug 13, 2022.
             Was a Follower of Trog.
             Quit the game on level 2 of the Dungeon on Aug 15, 2022.
             The game lasted 00:02:27 (1948 turns).

drpainis the Sneak (Spriggan Enchanter)             Turns: 1948, Time: 00:02:28

Health: 16/16      AC:  2    Str:  4    XL:     3   Next: 62%
Magic:  6/8        EV: 18    Int: 16    God:    Trog [*.....]
Gold:   98         SH:  0    Dex: 17    Spells: 6/8 levels left

rFire   . . .      SeeInvis +   a - +1 dagger
rCold   . . .      Faith    .   (no shield)
rNeg    . . .      Spirit   .   b - +0 robe
rPois   .          Reflect  .   (helmet restricted)
rElec   .          Harm     .   (no cloak)
rCorr   .          Rampage  .   (gloves unavailable)
Will    .....                   (boots unavailable)
Stlth   +++.......              (no amulet)
HPRegen 0.05/turn               (no ring)
MPRegen 0.11/turn               (no ring)

@: very quick
A: very small, no large weapons, unfitting armour, see invisible, speed 3
a: Renounce Religion, Berserk


You were on level 2 of the Dungeon.
You worshipped Trog.
Trog was aware of your devotion.
You visited 1 branch of the dungeon, and saw 2 of its levels.

You collected 98 gold pieces.

Inventory:

Hand Weapons
 a - a +1 dagger (weapon)
Armour
 b - a +0 robe (worn)
Scrolls
 e - 3 scrolls of poison {unknown}
 f - 2 scrolls of summoning {unknown}
 g - a scroll of magic mapping {unknown}
 h - 2 scrolls of identify {unknown}
 i - a scroll of amnesia {unknown}
Potions
 c - 2 potions of invisibility
 d - a potion of brilliance {unknown}


   Skills:
 + Level 1.4 Short Blades
 + Level 3.2 Dodging
 + Level 5.4 Stealth
 - Level 3.1 Spellcasting
 - Level 4.2 Hexes
 - Level 0.2 Ice Magic


You had 6 spell levels left.
You knew the following spells:

 Your Spells              Type           Power      Damage    Failure   Level
a - Ensorcelled Hibernat  Hex/Ice        18%        N/A       11%         2

Your spell library contained the following spells:

 Spells                   Type           Power      Damage    Failure   Level
 Confusing Touch          Hex            16%        N/A       10%         3
 Tukima's Dance           Hex            16%        N/A       10%         3
 Beastly Appendage        Tmut           4%         N/A       19%         1
 Necrotise                Necr           8%         1d4       19%         1
 Dazzling Flash           Conj/Hex       18%        N/A       24%         3
 Wereblood                Tmut           2%         N/A       28%         2
 Spider Form              Tmut/Pois      2%         N/A       50%         3
 Vampiric Draining        Necr           2%         2d6       50%         3
 Agony                    Necr           2%         N/A       99%         5


Dungeon Overview and Level Annotations

Branches:
Dungeon (2/15)

Altars:
Trog


Innate Abilities, Weirdness & Mutations

You are very small and have problems with some larger weapons.
You are too small for most types of armour.
You have supernaturally acute eyesight. (SInv)
You cover ground extremely quickly. (Speed+++)


Message History

The kobold barely misses you.
You hit the kobold.
The kobold is severely wounded.
The kobold misses you.
Casting: Ensorcelled Hibernation (safe; 12% risk of failure)
Confirm with . or Enter, or press ? or * to list all spells.
Aiming: Ensorcelled Hibernation (safe; 12% risk of failure)
Press: ? - help, Shift-Dir - straight line, f - kobold
Aim: a kobold, wielding a +0 dagger (severely wounded, chance to affect: 61%)
The kobold looks drowsy...
The helpless kobold fails to defend itself.
You impale the kobold!!
You kill the kobold!
You see here a +0 dagger.
An adder comes into view.
The adder hisses angrily.
You see here a book of Changes.
Casting: Ensorcelled Hibernation (safe; 12% risk of failure)
Confirm with . or Enter, or press ? or * to list all spells.
Aiming: Ensorcelled Hibernation (safe; 12% risk of failure)
Press: ? - help, Shift-Dir - straight line, f - adder
Aim: an adder (chance to affect: 51%)
The adder looks drowsy...
Found a faded altar of an unknown god.
The helpless adder fails to defend itself.
You impale the adder!!
You kill the adder!
You pick up a book of Changes and begin reading...
You add the spells Beastly Appendage, Wereblood and Spider Form to your library.
There are no items here.
There is a faded altar of an unknown god here.
You cannot tell which god this altar belongs to.
Convert to them anyway?
Trog accepts your prayer! Trog welcomes you!
You can now go berserk at will.
Welcome back, drpainis the Spriggan Enchanter.
Trog says: Kill them all!
Press ? for a list of commands and other information.
No target in view!
Are you sure you want to abandon this character and quit the game? (Confirm with "yes".)

.. ..................
#..
#####.....####.###
###.##..# ####.
#.......# #.
###..###.########.
###########....#
#..........
##^^^..........##
#.#########
#.^_............#####
#.^.........@....#
#.#...........)..#
#................#
###............>.#
#..............#
##............##
##..........##
############


There were no monsters in sight!

Vanquished Creatures
  A gnoll (D:1)
  An adder (D:2)
  A dart slug (D:1)
  An orc (D:2)
  4 bats
  3 endoplasms (D:1)
  2 giant cockroaches (D:1)
  A hobgoblin (D:1)
  2 jackals (D:1)
  2 kobolds
  5 quokkas
  A ball python (D:1)
  3 goblins (D:2)
  A rat (D:2)
28 creatures vanquished.

Notes
Turn   | Place    | Note
-------+----------+-------------------------------------------
     0 | D:1      | drpainis the Spriggan Enchanter began the quest for the
                  | Orb.
     0 | D:1      | Reached XP level 1. HP: 9/9 MP: 5/5
   199 | D:1      | Reached XP level 2. HP: 9/13 MP: 6/6
   371 | D:1      | Learned a level 2 spell: Ensorcelled Hibernation
   620 | D:1      | Reached skill level 5 in Stealth
  1062 | D:1      | Reached XP level 3. HP: 16/16 MP: 8/8
  1921 | D:2      | Found a faded altar of an unknown god.
  1938 | D:2      | Prayed at the altar of an unknown god.
  1938 | D:2      | Became a worshipper of Trog the Wrathful
  1938 | D:2      | Reached * piety under Trog
  1939 | D:2      | Upgraded the game from 0.29-a0-1027-gcd8c55af63 to
                  | 0.29-a0-1033-gb6c65ffae6
  1948 | D:2      | Quit the game

Illustrated notes

Levels and vault maps discovered:
D:1:      dpeg_arrival_renting, layout_loops_ring, minmay_misc_feat_pillars
D:2:      layout_rooms, ebering_ecumenical_altar_webs, guppyfry_early_orc_mine

Skill      XL: |  1  2 |
---------------+-------+-----
Spellcasting   | 3 |  3.1
Dodging        | 3 |  3.2
Stealth        | 5 |  5.4
Hexes          | 4 |  4.2
Short Blades   | |  1.4
Ice Magic      | |  0.2

Action                   || total
-------------------------++-------
Melee: Dagger            ||    84
       Punch             ||     1
 Cast: Ensorcelled Hiber ||    14
 Stab: Sleeping          ||    17
Armor: Robe              ||    10
Dodge: Dodged            ||    68

Table legend: (Time is in decaauts)
 A = Elapsed time spent in this place.
 B = Non-inter-level travel time spent in this place.
 C = Inter-level travel time spent in this place.
 D = Time resting spent in this place.
 E = Time spent auto-exploring this place.
 F = Levels seen in this place.
 G = Mean time per level.
                   A        B        C        D        E       F      G
               +--------+--------+--------+--------+--------+-----+--------+
         Total |   1609 |   1587 |     22 |    717 |    636 |   2 |  804.5 |
       Dungeon |   1609 |   1587 |     22 |    717 |    636 |   2 |  804.5 |
               +--------+--------+--------+--------+--------+-----+--------+

Top non-repeatable levels by time:
     D:1: 1306 daAuts
     D:2: 302 daAuts
